 Dungeon Crawl Stone Soup version 0.18.1-48-g4cf74bf (webtiles) character file.

32 mindo the Magician (level 3, 0/19 HPs)
             Began as a Deep Elf Air Elementalist on July 2, 2016.
             Succumbed to an adder's poison
             ... on level 2 of the Dungeon.
             The game lasted 00:06:10 (980 turns).

mindo the Magician (Deep Elf Air Elementalist)       Turns: 980, Time: 00:06:11

Health: 0/19       AC:  3    Str:  4 (5)  XL:     3   Next: 10%
Magic:  10/10      EV: 13    Int: 17 (20) God:
Gold:   68         SH:  0    Dex: 14 (15) Spells: 2 memorised, 6 levels left

rFire  . . .     SeeInvis .     e - +0 short sword
rCold  . . .     Gourm    .     a - +0 robe
rNeg   . . .     Faith    .     (no shield)
rPois  .         Spirit   .     (no helmet)
rElec  .         Dismiss  .     (no cloak)
rCorr  .         Reflect  .     m - +0 pair of gloves
SustAt .         Harm     .     (no boots)
MR     .....                    (no amulet)
Stlth  ++........               (no ring)
                                (no ring)

@: lethally poisoned (0 -> -6), not resistant to hostile enchantments,
unstealthy
A: no striking features
a: no special abilities


You were on level 2 of the Dungeon.
You were not hungry.

You visited 1 branch of the dungeon, and saw 2 of its levels.

You collected 68 gold pieces.

Inventory:

Hand Weapons
 e - a +0 short sword (weapon)
Armour
 a - a +0 robe (worn)
 m - a +0 pair of gloves (worn)
Scrolls
 d - 2 scrolls of remove curse {unknown}
 j - a scroll of teleportation {unknown}
 p - a scroll of enchant armour {unknown}
 q - a scroll of identify {unknown}
Potions
 l - a potion of degeneration
Books
 b - a book of Air

   Spells                             Type                      Level
   a - Shock                          Conjuration/Air              1
   b - Swiftness                      Charms/Air                   2
   c - Repel Missiles                 Charms/Air                   2
   d - Static Discharge               Conjuration/Air              3
   e - Lightning Bolt                 Conjuration/Air              5
Comestibles
 c - 2 bread rations
 h - a meat ration
 k - 8 fruits


   Skills:
 - Level 2.4 Dodging
 - Level 2.4 Stealth
 + Level 3.5 Spellcasting
 + Level 2.2 Conjurations
 + Level 3.4 Air Magic


You had 6 spell levels left.
You knew the following spells:

 Your Spells              Type           Power        Failure   Level  Hunger
a - Shock                 Conj/Air       ##..         6%          1    None
b - Swiftness             Chrm/Air       #.......     14%         2    ##.....


Dungeon Overview and Level Annotations

Branches:
Dungeon (2/15)

Altars:


Message History

You feel sick.
It was a potion of magic.
Magic courses through your body.
It was a potion of agility.
You feel agile all of a sudden.
* * * LOW HITPOINT WARNING * * *
You feel sick.
It was a potion of cure mutation.
It has a very clean taste.
It was a potion of cancellation.
Your magical effects are unravelling.
You feel magically purged.
You feel a little less agile now.
* * * LOW HITPOINT WARNING * * *
You feel sick.
As you read the scroll labeled JESCHA UNLA, it crumbles to dust.
The air around you briefly surges with heat, but it dissipates.
It was a scroll of immolation.
* * * LOW HITPOINT WARNING * * *
You feel sick.
You see here an adder corpse.
You die...

###...#...........
..###..........# ..#
#........... #.#
#........... #.#
#..........# #.#
##...##.#### #...# #.#
#...##..# #...# #.# #.#.#
.## #...###@###.#(##.#
...#.......#(#..# .
######....#†.####.#.###..
........###?#####........
........##..##...........
................)........
#######.######..........#
#.......<...............#
#.........############..#


There were no monsters in sight!

Vanquished Creatures
  An adder (D:2)
  2 giant cockroaches (D:1)
  3 goblins
  2 hobgoblins
  3 jackals (D:1)
  A quokka (D:2)
  A ball python (D:1)
  3 bats
  A giant newt (D:1)
  A kobold (D:2)
  6 rats
24 creatures vanquished.

Notes
Turn   | Place    | Note
--------------------------------------------------------------
     0 | D:1      | mindo the Deep Elf Air Elementalist began the quest for the Orb.
     0 | D:1      | Reached XP level 1. HP: 10/10 MP: 6/6
   313 | D:1      | Reached XP level 2. HP: 15/15 MP: 6/8
   569 | D:1      | Learned a level 2 spell: Swiftness
   971 | D:2      | Reached XP level 3. HP: 4/19 MP: 1/10
   980 | D:2      | Succumbed to an adder's poison

Skill      XL: |  1  2 |
---------------+-------+-----
Conjurations   | 2 |  2.2
Dodging        | |  2.4
Stealth        | |  2.4
Spellcasting   | |  3.5
Air Magic      | |  3.4

Action                   || total
-------------------------++-------
Melee: Short sword       ||    32
 Cast: Shock             ||    44
       Swiftness         ||     1
  Use: Potion            ||     5
       Scroll            ||     1
Armor: Robe              ||    16
Dodge: Dodged            ||    46
